[ PARTIDA AOE2 · #485137920 ]
1v1 RMLituanos vs Hindustanis
Equipo del jugador · DERR
Equipo rival · VICT
[ ANÁLISIS DE REPETICIÓN · EXTRAÍDO DE LA PARTIDA GRABADA ]
Feudal
10:46
Castillos
27:20
Imperial
—
| APM promedio | 90.7 |
| APM pico | 158 |
| eAPM promedio | 38.3 |
| Aldeanos / militares | 72 / 60 |
Foco
⚔️ 59.3% · 🌾 40.7%
Archer ×32 · Scout Cavalry ×8 · Skirmisher ×6 · Mangonel ×6 · Spearman ×4 · Knight ×3
Feudal
11:43
Castillos
24:01
Imperial
—
| APM promedio | 70.5 |
| APM pico | 104 |
| eAPM promedio | 28.4 |
| Aldeanos / militares | 103 / 61 |
Foco
⚔️ 25.6% · 🌾 74.4%
Skirmisher ×26 · Scout Cavalry ×7 · Camel Scout ×7 · Archer ×6 · Militia ×5 · Ghulam ×5
Mapa de la partida
Recursos iniciales + cada clic de construcción. Líneas = muros · curvas = relieve. ◆ oro · ⬟ piedra · ● bayas · ✦ reliquia · ◌ hueco del cierre
Tu base· Abierta — flanco sin cerrar
Base de Ser_0· Abierta — hueco de 9t
Terreno inicial suavizado · ◌ = hueco del cierre detectado · pasá el cursor para detalles
Inputs por minuto
— pascal sauvage - - Ser_0
Build order — pascal sauvage
Primeras 150 de 220 acciones detectadas
| 0:00 | Crear | Villager (Male) ×5 |
| 0:01 | Construir | House |
| 0:02 | Construir | House |
| 0:52 | Crear | Villager (Male) |
| 1:33 | Crear | Villager (Male) |
| 1:47 | Construir | Lumber Camp |
| 2:03 | Crear | Villager (Male) |
| 2:07 | Crear | Villager (Male) |
| 2:53 | Crear | Villager (Male) |
| 2:55 | Crear | Villager (Male) |
| 3:29 | Crear | Villager (Male) |
| 4:23 | Crear | Villager (Male) |
| 4:41 | Crear | Villager (Male) |
| 4:57 | Crear | Villager (Male) |
| 5:02 | Construir | Mill |
| 5:19 | Crear | Villager (Male) |
| 5:27 | Construir | Palisade Wall |
| 5:42 | Crear | Villager (Male) |
| 5:44 | Crear | Villager (Male) |
| 6:08 | Construir | Palisade Wall |
| 6:12 | Construir | House |
| 6:12 | Construir | Palisade Wall |
| 6:44 | Construir | Mining Camp |
| 6:52 | Construir | Palisade Wall |
| 6:53 | Construir | Palisade Wall |
| 6:54 | Construir | Palisade Wall |
| 7:07 | Crear | Villager (Male) |
| 7:16 | Investigar | Loom |
| 7:16 | Investigar | Loom |
| 8:27 | Construir | Mining Camp |
| 8:36 | Investigar | Feudal Age |
| 8:36 | Investigar | Feudal Age |
| 9:36 | Construir | Palisade Wall |
| 9:39 | Construir | Barracks |
| 9:49 | Construir | Palisade Wall |
| 9:50 | Construir | Palisade Wall |
| 9:55 | Construir | Palisade Wall |
| 10:35 | Construir | Palisade Wall |
| 10:35 | Construir | Palisade Wall |
| 10:37 | Construir | Palisade Wall |
| 10:46 | Edad | Edad Feudal |
| 10:47 | Crear | Villager (Male) |
| 10:57 | Investigar | Double-Bit Axe |
| 10:57 | Investigar | Horse Collar |
| 11:34 | Construir | Archery Range |
| 11:46 | Crear | Villager (Male) |
| 11:47 | Crear | Villager (Male) |
| 12:26 | Construir | Archery Range |
| 12:27 | Crear | Archer |
| 12:27 | Crear | Archer |
| 12:35 | Crear | Villager (Male) |
| 12:51 | Crear | Archer |
| 12:53 | Crear | Spearman |
| 13:13 | Crear | Villager (Male) |
| 13:13 | Crear | Villager (Male) |
| 13:19 | Crear | Spearman |
| 13:28 | Crear | Archer |
| 13:39 | Construir | Mining Camp |
| 13:44 | Construir | House |
| 13:49 | Construir | House |
| 13:51 | Construir | Palisade Wall |
| 13:54 | Crear | Villager (Male) |
| 13:59 | Construir | Palisade Wall |
| 14:18 | Construir | House |
| 14:25 | Crear | Villager (Male) |
| 14:26 | Crear | Skirmisher |
| 15:02 | Crear | Skirmisher |
| 15:02 | Crear | Skirmisher |
| 15:03 | Crear | Militia |
| 15:11 | Investigar | Horse Collar |
| 15:26 | Crear | Villager (Male) |
| 15:29 | Crear | Skirmisher |
| 15:40 | Construir | Farm |
| 15:41 | Crear | Villager (Male) |
| 16:01 | Crear | Archer |
| 16:07 | Crear | Villager (Male) |
| 16:13 | Construir | Blacksmith |
| 16:28 | Crear | Skirmisher |
| 16:28 | Crear | Skirmisher |
| 16:29 | Crear | Villager (Male) |
| 16:53 | Construir | Lumber Camp |
| 16:56 | Construir | House |
| 16:56 | Construir | Palisade Wall |
| 17:32 | Construir | Farm |
| 18:02 | Crear | Archer |
| 18:06 | Construir | Farm |
| 18:06 | Construir | Farm |
| 18:06 | Construir | Farm |
| 18:06 | Construir | Farm |
| 18:06 | Construir | Farm |
| 18:18 | Construir | Farm |
| 18:26 | Crear | Archer |
| 18:31 | Crear | Villager (Male) |
| 18:31 | Crear | Villager (Male) |
| 18:46 | Construir | Farm |
| 18:49 | Construir | Farm |
| 18:51 | Construir | Farm |
| 18:52 | Construir | Farm |
| 18:52 | Construir | Farm |
| 18:56 | Crear | Archer |
| 18:57 | Crear | Archer |
| 18:57 | Crear | Archer |
| 19:04 | Crear | Villager (Male) |
| 19:04 | Crear | Villager (Male) |
| 19:24 | Construir | Farm |
| 19:24 | Construir | Farm |
| 19:24 | Construir | Farm |
| 19:32 | Construir | House |
| 19:34 | Construir | Palisade Wall |
| 19:41 | Crear | Villager (Male) |
| 19:50 | Construir | Palisade Gate |
| 19:56 | Construir | Palisade Wall |
| 20:00 | Crear | Archer |
| 20:00 | Crear | Archer |
| 20:21 | Investigar | Padded Archer Armor |
| 20:21 | Crear | Villager (Male) |
| 20:34 | Construir | Farm |
| 20:34 | Construir | Farm |
| 20:34 | Construir | Farm |
| 20:45 | Investigar | Fletching |
| 20:46 | Investigar | Fletching |
| 21:07 | Crear | Villager (Male) |
| 21:07 | Crear | Villager (Male) |
| 21:30 | Construir | Stable |
| 21:35 | Crear | Villager (Male) |
| 21:43 | Crear | Archer |
| 21:43 | Crear | Archer |
| 22:01 | Crear | Archer |
| 22:01 | Crear | Archer |
| 22:02 | Crear | Villager (Male) |
| 22:02 | Crear | Villager (Male) |
| 22:35 | Crear | Scout Cavalry |
| 22:40 | Crear | Villager (Male) |
| 22:55 | Crear | Archer |
| 22:55 | Crear | Archer |
| 22:56 | Crear | Villager (Male) |
| 23:13 | Crear | Scout Cavalry |
| 23:13 | Crear | Villager (Male) |
| 23:19 | Construir | Market |
| 23:22 | Crear | Archer |
| 23:22 | Crear | Archer |
| 23:35 | Investigar | Wheelbarrow |
| 23:39 | Crear | Villager (Male) |
| 23:57 | Construir | House |
| 24:00 | Crear | Villager (Male) |
| 24:39 | Investigar | Castle Age |
| 24:47 | Crear | Scout Cavalry |
| 25:17 | Crear | Villager (Male) |
| 25:18 | Crear | Archer |
| 25:18 | Crear | Archer |
Build order — Ser_0
Primeras 150 de 303 acciones detectadas
| 0:01 | Crear | Villager (Male) |
| 0:01 | Crear | Villager (Male) |
| 0:28 | Crear | Villager (Male) |
| 0:44 | Crear | Villager (Male) |
| 0:47 | Crear | Villager (Male) |
| 1:28 | Crear | Villager (Male) |
| 2:17 | Construir | Lumber Camp |
| 2:17 | Crear | Villager (Male) |
| 2:45 | Crear | Villager (Male) |
| 2:55 | Crear | Villager (Male) |
| 3:06 | Construir | House |
| 3:30 | Crear | Villager (Male) |
| 4:20 | Crear | Villager (Male) |
| 4:27 | Crear | Villager (Male) |
| 4:32 | Construir | House |
| 4:42 | Construir | Barracks |
| 4:50 | Construir | House |
| 5:01 | Crear | Villager (Male) |
| 5:12 | Crear | Villager (Male) |
| 5:26 | Crear | Villager (Male) |
| 5:46 | Construir | Mill |
| 5:50 | Crear | Militia |
| 5:50 | Crear | Militia |
| 6:47 | Crear | Villager (Male) |
| 6:49 | Crear | Villager (Male) |
| 7:01 | Crear | Villager (Male) |
| 7:47 | Construir | Farm |
| 7:48 | Construir | Farm |
| 8:05 | Crear | Villager (Male) |
| 8:18 | Crear | Villager (Male) |
| 8:24 | Construir | Farm |
| 8:35 | Construir | Farm |
| 8:48 | Construir | Mining Camp |
| 8:50 | Construir | Farm |
| 9:08 | Investigar | Loom |
| 9:30 | Investigar | Feudal Age |
| 9:45 | Crear | Militia |
| 9:46 | Crear | Militia |
| 10:13 | Crear | Militia |
| 10:23 | Crear | Villager (Male) |
| 10:32 | Construir | House |
| 10:43 | Crear | Villager (Male) |
| 10:52 | Crear | Villager (Male) |
| 11:25 | Crear | Villager (Male) |
| 11:33 | Crear | Villager (Male) |
| 11:43 | Edad | Edad Feudal |
| 11:45 | Construir | Archery Range |
| 11:46 | Investigar | Man-at-Arms (upgrade) |
| 12:11 | Investigar | Double-Bit Axe |
| 12:14 | Crear | Villager (Male) |
| 12:21 | Investigar | Arson |
| 12:21 | Investigar | Arson |
| 12:27 | Construir | House |
| 12:29 | Crear | Archer |
| 12:38 | Crear | Villager (Male) |
| 12:45 | Crear | Villager (Male) |
| 12:47 | Construir | Farm |
| 12:56 | Crear | Archer |
| 13:12 | Crear | Villager (Male) |
| 13:15 | Crear | Archer |
| 13:16 | Crear | Spearman |
| 13:18 | Crear | Villager (Male) |
| 13:33 | Construir | Farm |
| 14:09 | Crear | Villager (Male) |
| 14:11 | Construir | Farm |
| 14:11 | Investigar | Horse Collar |
| 14:12 | Investigar | Horse Collar |
| 14:22 | Crear | Villager (Male) |
| 14:25 | Crear | Archer |
| 14:25 | Crear | Archer |
| 14:36 | Crear | Villager (Male) |
| 14:39 | Crear | Skirmisher |
| 14:39 | Crear | Skirmisher |
| 14:44 | Construir | House |
| 14:57 | Crear | Villager (Male) |
| 15:04 | Crear | Villager (Male) |
| 15:16 | Construir | House |
| 15:30 | Construir | Lumber Camp |
| 15:37 | Crear | Villager (Male) |
| 15:44 | Crear | Archer |
| 16:05 | Construir | House |
| 16:08 | Crear | Villager (Male) |
| 16:26 | Crear | Villager (Male) |
| 16:32 | Construir | Lumber Camp |
| 16:35 | Crear | Villager (Male) |
| 16:43 | Crear | Skirmisher |
| 16:44 | Crear | Skirmisher |
| 17:17 | Crear | Villager (Male) |
| 17:26 | Construir | Blacksmith |
| 17:29 | Investigar | Wheelbarrow |
| 17:59 | Crear | Villager (Male) |
| 18:01 | Crear | Skirmisher |
| 18:02 | Crear | Skirmisher |
| 18:05 | Crear | Villager (Male) |
| 18:14 | Construir | Stable |
| 18:16 | Investigar | Fletching |
| 18:19 | Crear | Villager (Male) |
| 18:20 | Construir | Farm |
| 18:21 | Construir | Farm |
| 18:28 | Construir | Farm |
| 18:38 | Crear | Skirmisher |
| 18:47 | Construir | Palisade Wall |
| 18:53 | Crear | Skirmisher |
| 19:00 | Construir | Farm |
| 19:03 | Construir | Farm |
| 19:04 | Construir | Farm |
| 19:09 | Crear | Villager (Male) |
| 19:16 | Crear | Skirmisher |
| 19:24 | Construir | Farm |
| 19:26 | Construir | Farm |
| 19:28 | Construir | Farm |
| 19:28 | Construir | Farm |
| 19:40 | Crear | Skirmisher |
| 19:44 | Construir | House |
| 19:54 | Crear | Skirmisher |
| 20:11 | Crear | Villager (Male) |
| 20:13 | Construir | Market |
| 20:18 | Crear | Skirmisher |
| 20:28 | Construir | Farm |
| 20:31 | Construir | Farm |
| 21:14 | Investigar | Castle Age |
| 21:25 | Crear | Skirmisher |
| 21:32 | Construir | Farm |
| 21:41 | Construir | Lumber Camp |
| 21:47 | Crear | Skirmisher |
| 21:55 | Investigar | Scale Barding Armor |
| 21:57 | Investigar | Padded Archer Armor |
| 21:59 | Crear | Scout Cavalry |
| 22:05 | Construir | House |
| 23:00 | Crear | Scout Cavalry |
| 23:01 | Crear | Skirmisher |
| 23:19 | Investigar | Bloodlines |
| 23:20 | Crear | Skirmisher |
| 23:22 | Investigar | Scale Barding Armor |
| 23:25 | Construir | Stable |
| 23:30 | Construir | House |
| 23:31 | Crear | Villager (Male) |
| 23:37 | Crear | Skirmisher |
| 23:45 | Crear | Scout Cavalry |
| 24:00 | Construir | House |
| 24:01 | Edad | Edad de los Castillos |
| 24:02 | Construir | Palisade Wall |
| 24:04 | Construir | Town Center |
| 24:09 | Investigar | Light Cavalry (upgrade) |
| 24:20 | Crear | Scout Cavalry |
| 24:30 | Crear | Villager (Male) |
| 24:38 | Construir | Town Center |
| 24:40 | Crear | Scout Cavalry |
| 24:55 | Crear | Villager (Male) |
| 25:00 | Crear | Villager (Male) |
Cronología de la partida
| 4:42 | Ser_0 · first_building Barracks |
| 5:27 | pascal sauvage · wall_segment Palisade Wall x14 |
| 6:08 | pascal sauvage · wall_segment Palisade Wall x17 |
| 6:12 | pascal sauvage · wall_segment Palisade Wall x5 |
| 6:52 | pascal sauvage · wall_segment Palisade Wall x9 |
| 6:53 | pascal sauvage · wall_segment Palisade Wall x5 |
| 6:54 | pascal sauvage · wall_segment Palisade Wall x7 |
| 9:36 | pascal sauvage · wall_segment Palisade Wall x1 |
| 9:39 | pascal sauvage · first_building Barracks |
| 9:49 | pascal sauvage · wall_segment Palisade Wall x1 |
| 9:50 | pascal sauvage · wall_segment Palisade Wall x1 |
| 9:55 | pascal sauvage · wall_segment Palisade Wall x1 |
| 10:35 | pascal sauvage · wall_segment Palisade Wall x1 |
| 10:35 | pascal sauvage · wall_segment Palisade Wall x1 |
| 10:37 | pascal sauvage · wall_segment Palisade Wall x1 |
| 10:46 | pascal sauvage · age_up feudal |
| 11:34 | pascal sauvage · first_building Archery Range |
| 11:43 | Ser_0 · age_up feudal |
| 11:45 | Ser_0 · first_building Archery Range |
| 13:51 | pascal sauvage · wall_segment Palisade Wall x1 |
| 13:59 | pascal sauvage · wall_segment Palisade Wall x2 |
| 16:56 | pascal sauvage · wall_segment Palisade Wall x7 |
| 18:14 | Ser_0 · first_building Stable |
| 18:47 | Ser_0 · wall_segment Palisade Wall x1 |
| 19:34 | pascal sauvage · wall_segment Palisade Wall x8 |
| 19:56 | pascal sauvage · wall_segment Palisade Wall x1 |
| 20:52 | Ser_0 · first_market_buy 100 food |
| 21:06 | Ser_0 · first_market_sell 100 wood |
| 21:30 | pascal sauvage · first_building Stable |
| 24:01 | Ser_0 · age_up castle |
| 24:02 | Ser_0 · wall_segment Palisade Wall x4 |
| 24:32 | pascal sauvage · first_market_sell 500 wood |
| 24:33 | pascal sauvage · first_market_buy 100 food |
| 25:25 | pascal sauvage · wall_segment Palisade Wall x11 |
| 25:50 | pascal sauvage · wall_segment Palisade Wall x1 |
| 26:25 | Ser_0 · first_building Monastery |
| 27:20 | pascal sauvage · age_up castle |
| 27:33 | Ser_0 · first_building Siege Workshop |
| 28:37 | Ser_0 · wall_segment Stone Wall x1 |
| 28:39 | Ser_0 · wall_segment Stone Wall x1 |
| 28:40 | Ser_0 · wall_segment Stone Wall x1 |
| 30:01 | pascal sauvage · first_building Siege Workshop |
| 32:07 | Ser_0 · first_building Castle |
| 35:01 | pascal sauvage · resign |
[ ANÁLISIS IA · 1 CRÉDITO ]
¿Qué pasó realmente en esta partida?
Wolo.gg analiza cada decisión: build order, eco, micro, errores típicos por bracket. Análisis personalizado por WhatsApp o Discord en 30 segundos.
Guía civ
Lituanos
Guía mapa
MegaRandom
Perfil
pascal sauvage